 Dungeon Crawl Stone Soup version 0.17-a0-1078-g243345b (webtiles) character file.

461 Fluffy the Skirmisher (level 7, 0/63 HPs)
             Began as a Hill Orc Fighter on May 19, 2015.
             Was an Initiate of Okawaru.
             Killed by divine providence
             ... invoked by an orc priest
              (14 damage)
             ... on level 4 of the Dungeon.
             The game lasted 00:08:23 (2856 turns).

Fluffy the Skirmisher (Hill Orc Fighter)            Turns: 2856, Time: 00:08:24

Health: 0/63       AC:  7    Str: 19    XL:     7   Next: 7%
Magic:  7/7        EV:  7    Int:  8    God:    Okawaru [......]
Gold:   147        SH:  9    Dex: 12    Spells: 0 memorised, 6 levels left

rFire  . . .     SeeInvis .     a - +0 war axe
rCold  . . .     Clarity  .     b - +0 scale mail
rNeg   . . .     SustAb   .     c - +0 shield
rPois  .         Gourm    .     (no helmet)
rElec  .         Spirit   .     (no cloak)
rCorr  .         Warding  .     (no gloves)
rMut   .         Stasis   .     (no boots)
MR     .....                    (no amulet)
Stlth  ..........               (no ring)
                                (no ring)

@: lethally poisoned (0 -> -2), not resistant to hostile enchantments, extremely
unstealthy
A: no striking features
a: Renounce Religion, Convert to Beogh


You were on level 4 of the Dungeon.
You worshipped Okawaru.
Okawaru was noncommittal.
You were not hungry.

You visited 1 branch of the dungeon, and saw 7 of its levels.

You collected 147 gold pieces.

Inventory:

Hand weapons
 a - a +0 war axe (weapon)
Armour
 b - a +0 scale mail (worn)
 c - a +0 shield (worn)
Magical devices
 o - a wand of digging (5)
 q - a wand of flame (22)
Scrolls
 f - a scroll of amnesia {unknown}
 g - a scroll of magic mapping {unknown}
 i - a scroll of random uselessness {unknown}
 k - 2 scrolls of teleportation {unknown}
 l - 3 scrolls of remove curse {unknown}
 m - 2 scrolls of recharging {unknown}
 n - 3 scrolls of identify {unknown}
 p - a scroll of immolation {unknown}
 u - a scroll of fear {unknown}
Potions
 d - a potion of might
 r - a potion of brilliance {unknown}
 s - 2 potions of heal wounds {unknown}
 t - a potion of curing {unknown}
Books
 v - a book of Conjurations

   Spells                             Type                      Level
   a - Magic Dart                     Conjuration                  1
   b - Searing Ray                    Conjuration                  2
   c - Dazzling Spray                 Conjuration/Hexes            3
   d - Fulminant Prism                Conjuration/Hexes            4
   e - Iskenderun's Mystic Blast      Conjuration                  4
   f - Iskenderun's Battlesphere      Conjuration/Charms           5
Comestibles
 e - 6 bread rations
 h - 2 meat rations
 j - 3 beef jerkies


   Skills:
 + Level 6.1 Fighting
 + Level 5.8 Axes
 + Level 5.6 Armour
 - Level 3.2 Shields
 + Level 0.6 Invocations


You had 6 spell levels left.
You didn't know any spells.

Dungeon Overview and Level Annotations

Branches:
Dungeon (7/15)
 Temple: D:4-7

Altars:
Kikubaaqudgha
Okawaru
Ru
Vehumet
Xom


Message History

The orc priest is almost dead.
Your shield and scale mail prevent you from hitting the worker ant.
You feel sick. You block the orc priest's attack. The worker ant bites you.
* * * LOW HITPOINT WARNING * * *
Unknown command.
You hit the orc priest but do no damage.
The orc priest is almost dead.
You closely miss the worker ant.
You feel sick. The orc priest closely misses you.
The worker ant closely misses you. You block the worker ant's attack.
The orc priest hits you but does no damage.
Unknown command.
You completely miss the orc priest.
The orc priest is almost dead.
You barely miss the worker ant.
You feel sick.
The orc priest shouts, "Beogh is our master!
Accept the truth or die!"
The worker ant barely misses you.
The orc priest calls down the wrath of Beogh upon you.
Something smites you!
You die... ............# ##.#..#.###.# #.#..#.### # #........# # ####.#...#.# ..o #.#...#.# ####oo## #.......# #oo

.[. ###...### #a##o.
#)†.# #@#..#
#...######o#..#
......##.##....(#..##
.....##...##........#
....##.....##...#.###
#.#.#.......#.###.# #
#....._....[# #.###
###.[.....### #...##
# ###.....## ####.#


You could see a worker ant, an orc priest and 2 orc wizards.

Vanquished Creatures
  The ghost of Ontamu the Conjurer, an average GrWz (D:3)
  An orc priest (D:4)
  2 hounds (D:4)
  2 worker ants (D:4)
  2 orc wizards
  4 gnolls (D:3)
  5 adders
  13 orcs
  A bat skeleton (D:4)
  2 bat zombies (D:3)
  5 giant cockroaches
  9 goblins
  13 hobgoblins
  7 jackals (D:1)
  3 ball pythons (D:3)
  7 bats
  2 giant newts
  12 kobolds
  11 rats
  A rat zombie (D:3)
103 creatures vanquished.

Notes
Turn   | Place    | Note
--------------------------------------------------------------
     0 | D:1      | Fluffy the Hill Orc Fighter began the quest for the Orb.
     0 | D:1      | Reached XP level 1. HP: 19/19 MP: 1/1
    88 | D:1      | Reached XP level 2. HP: 25/27 MP: 2/2
   103 | D:1      | Reached skill level 4 in Fighting
   347 | D:1      | Reached XP level 3. HP: 33/33 MP: 3/3
   978 | D:2      | Reached XP level 4. HP: 41/41 MP: 4/4
  1047 | D:2      | Found a shimmering altar of Xom.
  1396 | D:3      | Found a sacrificial altar of Ru.
  1412 | D:3      | Reached XP level 5. HP: 24/47 MP: 5/5
  1605 | D:3      | Noticed Ontamu's ghost (average GrWz)
  1620 | D:3      | Killed Ontamu's ghost
  1620 | D:3      | Reached skill level 5 in Fighting
  1732 | D:3      | Found a radiant altar of Vehumet.
  1972 | D:3      | Reached skill level 5 in Axes
  2005 | D:3      | Reached XP level 6. HP: 51/56 MP: 6/6
  2037 | D:3      | Reached skill level 5 in Armour
  2231 | D:3      | Found an ancient bone altar of Kikubaaqudgha.
  2333 | D:4      | You fall through a shaft for 3 floors!
  2440 | D:5      | Entered Level 5 of the Dungeon
  2795 | D:4      | Reached skill level 6 in Fighting
  2797 | D:4      | Found an iron altar of Okawaru.
  2804 | D:4      | Became a worshipper of Warmaster Okawaru
  2849 | D:4      | Reached XP level 7. HP: 38/63 MP: 7/7
  2856 | D:4      | Killed from afar by an orc priest

Vault maps used:
D:1:      saegor_arrival_simple_e
D:2:      lemuel_doored_altar, first_bread, hex_large
D:3:      nicolae_ru_awakened_eye, lemuel_zombie_altar_kikubaaqudgha,
          vehumet_altar_wand_db
D:4:      lemuel_round_altar, minmay_temple_entry_enclosed_plants
D:5:      lemuel_flamethrower_2, uniq_menkaure, uniq_sigmund
D:6:      grunt_gozag_statues, minmay_misc_feat_tiny, trog_wizard, uniq_grinder
D:7:      serial_bayou_ford_a

Action                   |  1- 3 |  4- 6 |  7- 9 || total
-------------------------+-------+-------+-------++-------
Melee: War axe           |   152 |   228 |     7 ||   387
  Eat: Chunk             |       |     7 |       ||     7
